AoeStats
← KootH.

Hill Fort

505370772Analyzed
4v4 RM · 23d ago on Sep 9, 2026· 37m 4s· 8 players
Game mode
Random Map
Map size
Large (8 player)
Population
200
Speed
Normal
Resources
Standard
Victory
Conquest
Starting age
Dark Age
Ending age
Imperial Age
RankedLock teamsTeams togetherTeam positionsShared explorationLock speedFull tech treeHidden civsTurbo modeCheats
Victory
Defeat
🇨🇿 Huns · Czechia
1636
+11
🇨🇿 Teutons · Czechia
1611
+12
🇵🇪 Franks · Peru
1610
+12
🇨🇴 Vietnamese · Colombia
1428
+20
🇩🇴 Poles · Dominican Republic
1649
-19
🇵🇪 Persians · Peru
1497
-13
🇩🇴 Burgundians · Dominican Republic
1485
-12
🇩🇴 Britons · Dominican Republic
1454
-11
RD | RuJasonSh
10:27 Feudal Age
10:16 Loom
15:01 Castle Age
13:36 Double-Bit Axe
14:15 Horse Collar
14:58 Gold Mining
15:42 Fletching
17:37 Crossbowman
21:59 Town Watch
26:12 Ballistics
28:07 Padded Archer Armor
29:11 Bow Saw
32:19 Bodkin Arrow
34:48 Wheelbarrow
37:08 Imperial Age
35:07 Leather Archer Armor
36:55 Scale Mail Armor
37:05 Forging
36:17 Pikeman
36:57 Squires
36:43 Arson
RD | Telematico
9:23 Feudal Age
7:57 Double-Bit Axe
11:08 Loom
12:36 Horse Collar
14:14 Bow Saw
14:34 Gold Mining
24:05 Wheelbarrow
24:32 Heavy Plow
27:05 Castle Age
26:48 Gold Shaft Mining
26:04 Stone Mining
29:01 Two-Man Saw
29:05 Town Watch
32:29 Crop Rotation
35:01 Stone Shaft Mining
35:36 Hand Cart
RD | El_Zapatero22
4:55 Loom
10:19 Feudal Age
14:06 Castle Age
13:31 Scale Barding Armor
13:58 Bloodlines
14:09 Double-Bit Axe
17:38 Szlachta Privileges
17:54 Horse Collar
19:47 Forging
20:50 Scale Mail Armor
21:48 Chain Barding Armor
23:48 Husbandry
29:11 Heavy Plow
30:02 Iron Casting
31:00 Wheelbarrow
Ux'GIAN
10:39 Feudal Age
11:26 Loom
14:39 Fletching
15:42 Town Watch
19:17 Castle Age
34:15 Wheelbarrow
38:39 Imperial Age
36:40 Scale Barding Armor
36:46 Forging
37:07 Hand Cart
KootH.
9:49 Feudal Age
10:35 Double-Bit Axe
11:43 Horse Collar
17:56 Castle Age
17:44 Wheelbarrow
19:16 Bow Saw
19:30 Loom
21:10 Hand Cart
21:19 Gold Mining
22:25 Heavy Plow
23:17 Fletching
23:55 Bodkin Arrow
30:38 Imperial Age
28:20 Padded Archer Armor
29:24 Leather Archer Armor
29:50 Ballistics
31:24 Bracer
32:26 Chemistry
33:19 Ring Archer Armor
35:32 Thumb Ring
Longbow
9:01 Feudal Age
9:33 Double-Bit Axe
15:27 Wheelbarrow
16:13 Loom
19:10 Castle Age
18:30 Scale Barding Armor
20:20 Bow Saw
20:22 Husbandry
25:24 Fletching
32:34 Chain Barding Armor
32:16 Gold Mining
33:52 Gold Shaft Mining
33:55 Forging
33:56 Town Watch
34:26 Stone Mining
37:34 Iron Casting
Čiko
10:28 Feudal Age
11:45 Loom
14:27 Castle Age
12:53 Double-Bit Axe
13:17 Horse Collar
15:31 Bow Saw
20:27 Heavy Plow
23:34 Wheelbarrow
24:12 Gold Mining
26:23 Gold Shaft Mining
28:05 Hand Cart
33:38 Imperial Age
32:24 Forging
32:19 Scale Barding Armor
33:42 Iron Casting
33:27 Bloodlines
33:17 Husbandry
33:42 Cavalier
35:56 Two-Man Saw
35:36 Paladin
37:32 Coinage
Noxx
6:15 Loom
8:19 Feudal Age
10:17 Double-Bit Axe
16:01 Fletching
25:36 Castle Age
23:27 Horse Collar
26:39 Bodkin Arrow
28:08 Bow Saw
30:50 Scale Mail Armor
Connection lost

Rejoining the realm…

Still unreachable

The connection could not be restored.

Session expired

The server has moved on; the page needs a fresh start.